 Dungeon Crawl Stone Soup version 0.30-a0-862-g1aabd4f9c5 (webtiles) character file.

Game seed: 6730080902614844337

2 avis the Grasshopper (level 1, -1/9 HPs)
             Began as a Felid Warper on Mar 10, 2023.
             Slain by a quokka (4 damage)
             ... on level 1 of the Dungeon.
             The game lasted 00:00:45 (145 turns).

avis the Grasshopper (Felid Warper)                  Turns: 145, Time: 00:00:46

Health: -1/9       AC:  1    Str:  7    XL:     1   Next: 25%
Magic:  4/4        EV: 17    Int: 14    God:
Gold:   46         SH:  0    Dex: 15    Spells: 4/4 levels left
                                        Lives:  0   Deaths: 0

rFire   . . .      SeeInvis +      - Unarmed
rCold   . . .      Faith    .    (shield unavailable)
rNeg    . . .      Spirit   .    (body armour unavailable)
rPois   .          Reflect  .    (helmet unavailable)
rElec   .          Rampage  .    (cloak unavailable)
rCorr   .                        (gloves unavailable)
Will    .....                    (boots unavailable)
Stlth   +                        (no amulet)
HPRegen 0.21/turn                (no ring)
MPRegen 0.09/turn                (no ring)

@: quick
A: very small, claws 1, fangs 3, see invisible, speed 1, shaggy fur 1, stealthy
paws, no weapons or thrown items, no armour, multi-lived
a: no special abilities


You were on level 1 of the Dungeon.
You visited 1 branch of the dungeon, and saw 1 of its levels.

You collected 46 gold pieces.

Inventory:

Scrolls
 a - a scroll of blinking


   Skills:
 * Level 2.2 Fighting
 - Level 3.2 Dodging
 - Level 2.0 Unarmed Combat
 - Level 2.0 Spellcasting
 - Level 4.4 Translocations


You had 4 spell levels left.
You didn't know any spells.
Your spell library contained the following spells:

 Spells                   Type           Power      Damage    Failure   Level
 Blink                    Tloc           26%        N/A       6%          2
 Lesser Beckoning         Tloc           26%        N/A       6%          2
 Teleport Other           Tloc           13%        N/A       12%         3
 Vhi's Electric Charge    Tloc/Air       14%        N/A       28%         3
 Manifold Assault         Tloc           13%        N/A       36%         4


Dungeon Overview and Level Annotations

Branches:
Dungeon (1/15)

Altars:


Innate Abilities, Weirdness & Mutations

You have sharp claws.
You have razor-sharp teeth.
You have supernaturally acute eyesight. (SInv)
You cover ground quickly. (Speed+)
You are covered in fur. (AC +1)
Your paws help you pounce on unaware monsters.
You are incapable of wielding weapons or throwing items.
You cannot wear armour.
You gain extra lives every three experience levels.


Message History

Sorry, you're not good enough to have a special ability.
You scratch the ball python.
You kill the ball python!
You now have 36 gold pieces (gained 11).
You now have 46 gold pieces (gained 10).
You open the door.
Found a scroll labelled ILUGUB PACAU.
There is an open door here.
A quokka and a hobgoblin come into view.
The quokka misses you.
You miss the quokka. The quokka misses you.
You closely miss the quokka. The quokka barely misses you.
You scratch the quokka.
The quokka is lightly wounded.
The quokka completely misses you.
You scratch the quokka.
The quokka is almost dead.
The quokka completely misses you. x2
You scratch the quokka but do no damage.
Your bite misses the quokka.
The quokka is almost dead.
The quokka misses you.
You scratch the quokka.
You kill the quokka!
A quokka comes into view.
You see here a scroll labelled ILUGUB PACAU.
The helpless quokka fails to defend itself.
You scratch the quokka.
The quokka is almost dead.
The quokka bites you.
You closely miss the quokka.
The quokka is almost dead.
The quokka barely misses you.
You closely miss the quokka. You bite the quokka, but do no damage.
The quokka is almost dead.
The quokka bites you.
You barely miss the quokka.
The quokka is almost dead.
The quokka completely misses you. The quokka bites you.
You die...

###### ### .#...## .. ......#
#### #.# .###..# ##..## ..# ##
##.###....# ##r# #### #
#..#..#..# #@### ####..# ##
###..##..# ##..## ###.....# .#
####..## ###†####.......# .##
###.### #.#.'#........# ..###
##.....## #.####.........#
#...###.......###g ##.........#
#...##...###...######..........##
..##.#..## ##....#..............†
..###...## ##..#....#..........##


You could see a quokka.

Vanquished Creatures
  A quokka (D:1)
  A ball python (D:1)
2 creatures vanquished.

Notes
Turn   | Place    | Note
-------+----------+-------------------------------------------
     0 | D:1      | avis the Felid Warper began the quest for the Orb.
     0 | D:1      | Reached XP level 1. HP: 9/9 MP: 4/4
   145 | D:1      | Slain by a quokka

Illustrated notes

Levels and vault maps discovered:
D:1:      dpeg_cavernosity, layout_loops_ring,
          hellmonk_ecumenical_altar_lost_god, serial_shops, shop

Action                     || total
---------------------------++-------
  Melee: Unarmed           ||    11
         Bite              ||     1
   Stab: Sleeping          ||     1
  Dodge: Dodged            ||     9

Table legend: (Time is in decaauts)
 A = Elapsed time spent in this place.
 B = Non-inter-level travel time spent in this place.
 C = Inter-level travel time spent in this place.
 D = Time resting spent in this place.
 E = Time spent auto-exploring this place.
 F = Levels seen in this place.
 G = Mean time per level.
                   A        B        C        D        E       F      G
               +--------+--------+--------+--------+--------+-----+--------+
         Total |    119 |    119 |      0 |      0 |     87 |   1 |  119.0 |
       Dungeon |    119 |    119 |      0 |      0 |     87 |   1 |  119.0 |
               +--------+--------+--------+--------+--------+-----+--------+

Top non-repeatable levels by time:
     D:1: 119 daAuts
